 Dungeon Crawl Stone Soup version 0.30.0-11-gf55b779eaf (webtiles) character file.

Game seed: 18327220785642611540

179 booth the Conjurer (level 5, 0/39 HPs)
             Began as a Demonspawn Reaver on May 16, 2023.
             Was a Believer of Qazlal.
             Slain by Ijyb
             ... wielding a +0 club
              (2 damage)
             ... on level 4 of the Dungeon.
             The game lasted 00:17:17 (2697 turns).

booth the Conjurer (Demonspawn Reaver)              Turns: 2697, Time: 00:17:18

Health: 0/39       AC:  3    Str: 14    XL:     5   Next: 32%
Magic:  8/8        EV: 11    Int: 15    God:    Qazlal [**....]
Gold:   149        SH:  3    Dex: 11    Spells: 3/9 levels left

rFire   . . .        h - +2 dagger (drain)
rCold   . . .        (no shield)
rNeg    + . .        b - +0 leather armour
rPois   .            (helmet restricted)
rElec   .            (no cloak)
rCorr   .            (no gloves)
SInv    .            (no boots)
Will    .....        (no amulet)
Stlth   +            k - ring of positive energy
HPRegen 1.26/turn    (no ring)
MPRegen 0.11/turn

%: no passive effects
@: no status effects
A: antennae 1, powered by death 1
a: Renounce Religion, Upheaval


You were on level 4 of the Dungeon.
You worshipped Qazlal.
Qazlal was pleased with you.
You visited 1 branch of the dungeon, and saw 4 of its levels.

You collected 149 gold pieces.

Inventory:

Hand Weapons
 a - a +0 hand axe
 h - a +2 dagger of draining (weapon)
 m - a +0 mace
 w - a +0 war axe
Missiles
 n - 4 boomerangs (quivered)
Armour
 b - a +0 leather armour (worn)
 t - the +0 robe of the Invisible Hand {Contam rPois rN+ SInv}
   (You took it off a goblin on level 3 of the Dungeon)

   rPois:     It protects you from poison.
   rN:        It protects you from negative energy.
   SInv:      It lets you see invisible.
   Contam:    It causes magical contamination when unequipped.
Jewellery
 k - a ring of positive energy (left hand)
 l - a ring of ice
Wands
 u - a wand of polymorph (10)
Scrolls
 e - 2 scrolls of teleportation
 g - a scroll of fog
 q - a scroll of enchant armour {unknown}
 s - a scroll of amnesia {unknown}
 v - a scroll of magic mapping {unknown}
Potions
 c - 2 potions of attraction
 d - 2 potions of might
 f - a potion of haste
 i - a potion of flight {unknown}
 j - 2 potions of curing {unknown}
 o - 2 potions of mutation {unknown}
 r - a potion of magic {unknown}


   Skills:
 + Level 2.7 Fighting
 * Level 3.2 Axes
 + Level 1.3 Armour
 + Level 2.3 Dodging
 + Level 2.5 Spellcasting
 + Level 3.4 Conjurations
 + Level 1.9 Necromancy
 + Level 1.2 Translocations
 + Level 0.0 Ice Magic


You had 3 spell levels left.
You knew the following spells:

 Your Spells              Type           Power      Damage    Failure   Level
a - Kiss of Death         Conj/Necr      36%        2d8       9%          1
b - Momentum Strike       Conj/Tloc      16%        3d8       16%         2
c - Hailstorm             Conj/Ice       7%         3d4       36%         3

Your spell library contained the following spells:

 Spells                   Type           Power      Damage    Failure   Level
 Freeze                   Ice            4%         1d3       26%         1
 Vhi's Electric Charge    Tloc/Air       6%         N/A       52%         3
 Frozen Ramparts          Ice            2%         1d1       61%         3
 Arcjolt                  Conj/Air       3%         1d13      98%         5
 Maxwell's Capacitive Co  Air            0%         ∞         100%        8


Dungeon Overview and Level Annotations

Branches:
Dungeon (4/15)
 Temple: D:4-7

Altars:
Qazlal

Annotations:
D:4 Dowan, Ijyb, Robin


Innate Abilities, Weirdness & Mutations

You have a pair of small antennae on your head.
You regenerate a little health from kills.


Message History

The hobgoblin is heavily wounded.
The grasping roots constrict you. The hobgoblin barely misses you.
You hit the hobgoblin. You drain the hobgoblin.
You kill the hobgoblin!
Qazlal accepts your kill.
You escape the roots grasp.
Found a runed scarf.
Ijyb screams, "Me kill you!"
Ijyb zaps a wand.
The roots erupt in riotous growth!
The grasping roots grab you!
Ijyb is unaffected.
The goblin is unaffected.
The grasping roots constrict you. You block the goblin's attack.
You see here a hobgoblin corpse.
You hit Ijyb but do no damage. You hit Ijyb but do no damage. You drain Ijyb.
Ijyb is lightly wounded.
Ijyb hits you with a +0 club. The grasping roots constrict you.
* * * LOW HITPOINT WARNING * * *
The goblin closely misses you. The hobgoblin hits you.
* * * LOW HITPOINT WARNING * * *
You escape the roots grasp.
Robin throws the goblin at you! The goblin barely misses you. x2
You hit the goblin. You drain the goblin.
You kill the goblin!
Qazlal accepts your kill.
Items here: )) ††.
You feel yourself slow down. Robin throws the goblin at you!
* * * LOW HITPOINT WARNING * * *
You hit the goblin.
The goblin is severely wounded.
Robin says, "Duck!"
The goblin hits you but does no damage.
You barely miss the goblin.
The goblin is severely wounded.
Robin throws Ijyb at you!
* * * LOW HITPOINT WARNING * * *
The goblin hits you with a +0 club.
* * * LOW HITPOINT WARNING * * *
Ijyb hits you with a +0 club.
You die...

#.# ####### #.#
[...... #.#
....... #.##
....... #..
.......## #.#
..?....g#####.#
.......g.g@g.<#
......#########
..... .... #..
##


You could see Ijyb (strong, very drained), Robin, a hobgoblin (strong) and a
goblin (strong).

Vanquished Creatures
  A phantom (D:3)
  4 adders
  5 orcs (D:3)
  2 bats
  3 endoplasms
  4 giant cockroaches
  9 goblins
  7 hobgoblins
  3 jackals (D:3)
  A quokka (D:1)
  8 ball pythons
  4 frilled lizards
  5 kobolds
  8 rats
64 creatures vanquished.

Notes
Turn   | Place    | Note
-------+----------+-------------------------------------------
     0 | D:1      | booth the Demonspawn Reaver began the quest for the Orb.
     0 | D:1      | Reached XP level 1. HP: 16/16 MP: 3/3
   360 | D:1      | Gained mutation: You regenerate a little health from kills.
                  | [demonic ancestry]
   360 | D:1      | Reached XP level 2. HP: 22/22 MP: 5/5
   376 | D:1      | Found a faded altar of an unknown god.
   381 | D:1      | Prayed at the altar of an unknown god.
   381 | D:1      | Became a worshipper of Qazlal Stormbringer
   381 | D:1      | Reached * piety under Qazlal
   566 | D:1      | Learned a level 2 spell: Momentum Strike
  1182 | D:2      | Gained mutation: You have a pair of small antennae on your
                  | head. [demonic ancestry]
  1182 | D:2      | Reached XP level 3. HP: 27/27 MP: 6/6
  1287 | D:2      | Reached ** piety under Qazlal
  1640 | D:2      | Reached skill level 1 in Necromancy
  1849 | D:3      | Reached skill level 1 in Armour
  1881 | D:3      | Reached XP level 4. HP: 30/34 MP: 7/7
  2138 | D:3      | Identified the +0 robe of the Invisible Hand {Contam rPois
                  | rN+ SInv}
  2201 | D:3      | Noticed a phantom
  2231 | D:3      | Killed a phantom
  2232 | D:3      | Reached skill level 1 in Translocations
  2232 | D:3      | Reached XP level 5. HP: 9/39 MP: 8/8
  2466 | D:3      | Learned a level 3 spell: Hailstorm
  2647 | D:4      | Noticed Dowan
  2679 | D:4      | Noticed Ijyb
  2680 | D:4      | Noticed Robin
  2697 | D:4      | Slain by Ijyb

Illustrated notes

Levels and vault maps discovered:
D:1:      denvon_arrival_planthouse, layout_basic,
          shapermc_ecumenical_altar_acropolis, chequers_serial_rivers_small_b
D:2:      layout_loops_cross, hex_tiny
D:3:      layout_loops_ring, chequers_serial_rivers_micro_a,
          nrook_loot_triangle, guppyfry_early_orc_mine
D:4:      layout_loops_ring, grunt_temple_overflow_open, nicolae_goblin_pals,
          uniq_crazy_yiuf_cottage, uniq_robin, uniq_duvessa

Skill      XL: |  1  2  3  4 |
---------------+-------------+-----
Dodging        | 2 |  2.3
Axes           | 3 |  3.2
Necromancy     | 1 |  1.9
Armour         | 1 |  1.3
Translocations | 1 |  1.2
Fighting       | |  2.7
Spellcasting   | |  2.5
Conjurations   | |  3.4

Action                     |  1- 3 |  4- 6 || total
---------------------------+-------+-------++-------
  Melee: Hand axe          |    30 |       ||    30
         Dagger            |    95 |    84 ||   179
    Use: Scroll            |     3 |     2 ||     5
         Potion            |       |     1 ||     1
 Armour: Leather armour    |    33 |    28 ||    61
  Dodge: Dodged            |    53 |    55 ||   108
  Block: Other             |     6 |    13 ||    19
